 Dungeon Sprint DCSS version 0.31-a0-366-ga77b45bd9b (webtiles) character file.

Game seed: 9787116589529459688

721 Conn the Arsonist (level 7, -2/45 HPs)
             Began as an Octopode Fire Elementalist on July 28, 2023.
             Was a Follower of Sif Muna.
             Incinerated by a deep elf pyromancer (6 damage)
             ... with a sticky flame
             ... in the Dungeon (Sprint III: "The Ten Rune Challenge").
             The game lasted 00:03:00 (601 turns).

Conn the Arsonist (Octopode Fire Elementalist)       Turns: 601, Time: 00:03:01

Health: -2/45      AC:  1    Str:  8    XL:     7   Next: 71%
Magic:  6/18       EV: 14    Int: 19    God:    Sif Muna [*.....]
Gold:   17         SH:  0    Dex: 12    Spells: 12/22 levels left

rFire   . . .        g - +3 quarterstaff (chaos)
rCold   . . .        (shield currently unavailable)
rNeg    . . .        (helmet restricted)
rPois   .            (no amulet)
rElec   .            (no ring)
rCorr   .            (no ring)
SInv    .            (no ring)
Will    .....        (no ring)
Stlth   ++           (no ring)
HPRegen 0.27/turn    (no ring)
MPRegen 0.16/turn    (no ring)
                     (no ring)

%: no teleportation
@: on fire, glowing
A: almost no armour, amphibious, 8 rings, camouflage 1, gelatinous body 1,
(nimble swimmer 1), tentacles
a: Renounce Religion, Channel Magic


You were in the Dungeon.
You worshipped Sif Muna.
Sif Muna was aware of your devotion.
You visited 1 branch You collected 17 gold pieces.

Inventory:

Hand Weapons
 g - a +3 quarterstaff of chaos (weapon)
Wands
 c - a wand of roots (10)
Scrolls
 f - a scroll of blinking
 h - 2 scrolls of immolation
 i - a scroll of identify
Potions
 a - 3 potions of magic
 b - 2 potions of curing
 d - a potion of haste
 e - a potion of berserk rage
 j - a potion of attraction
 k - 2 potions of enlightenment
 l - 4 potions of mutation


   Skills:
 * Level 2.9 Fighting
 + Level 5.3 Dodging
 - Level 6.4 Stealth
 * Level 8.1 Spellcasting
 * Level 4.3 Conjurations
 + Level 0.2 Hexes
 + Level 11.5 Fire Magic


You had 12 spell levels left.
You knew the following spells:

 Your Spells              Type           Power      Damage    Failure   Level
a - Foxfire               Conj/Fire      100%       2x1d9     1%          1
b - Scorch                Fire           100%       2d9       1%          2
c - Inner Flame           Hex/Fire       29%        N/A       2%          3
d - Flame Wave            Conj/Fire      37%        2d10      3%          4

Your spell library contained the following spells:

 Spells                   Type           Power      Damage    Failure   Level
 Volatile Blastmotes      Fire/Tloc      58%        2d14      2%          3
 Sting                    Tmut/Pois      28%        1d4       9%          1
 Poisonous Vapours        Pois/Air       14%        N/A       14%         2
 Gell's Gravitas          Tloc           7%         N/A       26%         3
 Teleport Other           Tloc           7%         N/A       26%         3
 Olgreb's Toxic Radiance  Pois           7%         N/A       65%         4
 Dispersal                Tloc           3%         N/A       100%        6


Dungeon Overview and Level Annotations

Branches:
Dungeon (1/1)

Altars:
Dithmenos
Kikubaaqudgha
Okawaru
Ru
Sif Muna
Trog
Uskayaw
Vehumet
Wu Jian
Yredelemnul
Zin


Innate Abilities, Weirdness & Mutations

You cannot wear most types of armour.
You are amphibious.
You can wear up to eight rings at the same time.
Your skin changes colour to match your surroundings (Stealth+).
Your rubbery body absorbs attacks. (AC +1, EV +1)
((You are camouflaged when in or above water. (Stealth+)))
You have tentacles for arms and can constrict up to eight enemies at once.


Message History

Confirm with . or Enter, or press ? or * to list all spells.
Casting: Flame Wave (dangerous; 3% risk of failure)
Press: ? - help, Dir - look around, f - activate A wave of flame ripples out! (Press . to intensify the flame waves.)
You hear a shout!
Unknown command.
A wave of flame ripples out!
A deep elf pyromancer comes into view.
It is wielding a +0 long sword of holy wrath.
Unknown command.
A wave of flame ripples out!
The flame wave engulfs the deep elf pyromancer!
The deep elf pyromancer is moderately wounded.
You finish channelling waves of flame.
You are engulfed in a cloud of scalding steam.
The deep elf pyromancer gestures at you while chanting.
The sticky flame hits you!
You are covered in liquid flames!
Casting: Flame Wave (dangerous; 3% risk of failure)
Confirm with . or Enter, or press ? or * to list all spells.
Flames lash the deep elf pyromancer.
The deep elf pyromancer is heavily wounded.
The deep elf pyromancer's fire resistance burns away.
You are engulfed in a cloud of scalding steam.
You are covered in liquid flames!
The deep elf pyromancer barely misses you.
Casting: Scorch (safe; 1% risk of failure)
Confirm with . or Enter, or press ? or * to list all spells.
Casting: Flame Wave (dangerous; 3% risk of failure)
Press: ? - help, Dir - look around, f - activate A wave of flame ripples out!
The flame wave engulfs the deep elf pyromancer!!
The deep elf pyromancer is burned terribly!
You kill the deep elf pyromancer!
Sif Muna accepts your kill. (Press . to intensify the flame waves.)
You are engulfed in a cloud of scalding steam.
* * * LOW HITPOINT WARNING * * *
You are covered in liquid flames!
You die...

▓▓▓▓▓▓▓ ▓▓▓ ..'...♣♣ ♣.#
######### ..#....♣ ♣.#
_#___#__# ###....♣♣ ♣.#
.#__.#†_# ..#....~♣
♣.###)#'###'##
..#...~~♣♣♣♣♣.#[@§.......#
.[#..~~~~♣.♣..'§§§.......#
#'#..~≈≈~~~...#§§§######'#
..#.~~≈÷~~....#.⌠.# #...#
..#.~≈[~~.....#...# #...#
..#.~~~.......#'### #...#
###...........#)).# #...+
..............#___# +...#
▓▓▓▓▓▓▓▓▓▓▓▓▓▓▓▓▓▓▓ ▓▓▓▓▓


There were no monsters in sight!

Vanquished Creatures
  A deep elf pyromancer (D)
  A shadow (D)
  A necrophage (D)
  A water elemental (D)
  A jelly (D)
  Crazy Yiuf (D)
  Jessica (D)
  A wizard (D)
  A necromancer (D)
  A kobold demonologist (D)
  3 humans (D)
  An endoplasm (D)
  A rat (D)
15 creatures vanquished.

Vanquished Creatures (others)
  27 foxfires (D)
27 creatures vanquished.

Grand Total: 42 creatures vanquished

Notes
Turn   | Place    | Note
-------+----------+-------------------------------------------
     0 | D        | Conn the Octopode Fire Elementalist began the quest for the
                  | Orb.
     0 | D        | Reached XP level 1. HP: 11/11 MP: 3/3
    31 | D        | Noticed Jessica
    36 | D        | Killed Jessica
    37 | D        | Reached skill level 5 in Fire Magic
    37 | D        | Reached XP level 2. HP: 17/17 MP: 0/6
    37 | D        | Reached XP level 3. HP: 21/21 MP: 0/7
   114 | D        | Noticed Crazy Yiuf
   123 | D        | Killed Crazy Yiuf
   124 | D        | Reached skill level 6 in Fire Magic
   133 | D        | Reached XP level 4. HP: 27/27 MP: 0/9
   260 | D        | Learned a level 2 spell: Scorch
   264 | D        | Learned a level 3 spell: Inner Flame
   269 | D        | Learned a level 4 spell: Flame Wave
   269 | D        | Noticed a human
   269 | D        | Noticed a water elemental
   269 | D        | Noticed a human
   274 | D        | Killed a human
   274 | D        | Killed a water elemental
   274 | D        | Killed a human
   275 | D        | Reached skill level 5 in Dodging
   275 | D        | Reached skill level 10 in Fire Magic
   275 | D        | Reached XP level 5. HP: 22/31 MP: 0/14
   275 | D        | Reached XP level 6. HP: 25/36 MP: 0/15
   390 | D        | Found a hide-covered altar of Uskayaw.
   390 | D        | Found a bloodstained altar of Trog.
   390 | D        | Found an ornate altar of the Wu Jian Council.
   393 | D        | Found a radiant altar of Vehumet.
   393 | D        | Found a shimmering blue altar of Sif Muna.
   393 | D        | Found an ancient bone altar of Kikubaaqudgha.
   399 | D        | Reached XP level 7. HP: 39/42 MP: 5/17
   408 | D        | Became a worshipper of Sif Muna the Loreminder
   418 | D        | Found an iron altar of Okawaru.
   489 | D        | Found a basalt altar of Yredelemnul.
   489 | D        | Found a shadowy altar of Dithmenos.
   489 | D        | Found a sacrificial altar of Ru.
   494 | D        | Reached skill level 1 in Fighting
   494 | D        | Reached skill level 11 in Fire Magic
   535 | D        | Reached * piety under Sif Muna
   536 | D        | Noticed a shadow
   538 | D        | Killed a shadow
   596 | D        | Found a glowing silver altar of Zin.
   598 | D        | Noticed a deep elf pyromancer
   601 | D        | Killed a deep elf pyromancer
   601 | D        | Incinerated by a deep elf pyromancer

Illustrated notes

Levels and vault maps discovered:
D:        dungeon_sprint_mu [sprint_mu_entry_forest, sprint_mu_temple_rooms,
          sprint_mu_d1_horrors, sprint_mu_d2_genie, sprint_mu_d3_branching,
          sprint_mu_orc_legion, sprint_mu_elf_gauntlet, sprint_mu_hive_nellie,
          sprint_mu_lair_fedhas, sprint_mu_vaults_butterflies,
          sprint_mu_slime_circle, sprint_mu_shoals_archi,
          sprint_mu_snake_twists, sprint_mu_blade_basic,
          sprint_mu_crypt_fortress, sprint_mu_tomb_spiral,
          sprint_mu_vestibule_basic, sprint_mu_gehenna_hellfire,
          sprint_mu_dis_giant, sprint_mu_tartarus_statrot,
          sprint_mu_cocytus_islands, sprint_mu_zot1]

Skill      XL: |  1  2  3  4  5  6  7 |
---------------+----------------------+-----
Stealth        | 3 4 6 |  6.4
Spellcasting   | 3 6 8 |  8.1
Fire Magic     | 5 6 10 11 | 11.5
Dodging        | 3 5 |  5.3
Conjurations   | 3 4 |  4.3
Fighting       | 2 |  2.9
Hexes          | |  0.2

Action                     |  1- 3 |  4- 6 |  7- 9 || total
---------------------------+-------+-------+-------++-------
  Melee: Unarmed           |     2 |       |       ||     2
         Constrict         |     1 |       |       ||     1
   Cast: Foxfire           |    13 |       |     1 ||    14
         Scorch            |       |     3 |     3 ||     6
         Inner Flame       |       |     1 |     1 ||     2
         Flame Wave        |       |     2 |     3 ||     5
    Use: Scroll            |       |     2 |       ||     2
         Potion            |       |     1 |       ||     1
 Armour: Skin              |       |     1 |       ||     1
  Dodge: Dodged            |     1 |     1 |     2 ||     4

Table legend: (Time is in decaauts)
 A = Elapsed time spent in this place.
 B = Non-inter-level travel time spent in this place.
 C = Inter-level travel time spent in this place.
 D = Time resting spent in this place.
 E = Time spent auto-exploring this place.
 F = Levels seen in this place.
 G = Mean time per level.
                   A        B        C        D        E       F      G
               +--------+--------+--------+--------+--------+-----+--------+
         Total |    600 |    600 |      0 |    387 |      0 |   1 |  600.0 |
       Dungeon |    600 |    600 |      0 |    387 |      0 |   1 |  600.0 |
               +--------+--------+--------+--------+--------+-----+--------+

Top non-repeatable levels by time:
       D: 600 daAuts
